 Dungeon Sprint DCSS version 0.27-a0-54-g64bdb92e38 (webtiles) character file.

Game seed: 4192651500730450199

3894 tatocazan the Thaumaturge (level 10, -6/58 HPs)
             Began as a Deep Elf Air Elementalist on Jan 7, 2021.
             Was the Champion of Vehumet.
             Mangled by a demonic crawler (7 damage)
             ... in the Dungeon (Sprint VII: "The Pits").
             The game lasted 00:07:48 (1577 turns).

tatocazan the Thaumaturge (DEAE)                    Turns: 1577, Time: 00:07:49

Health: -6/58      AC:  4    Str:  8    XL:     10   Next: 0%
Magic:  2/30       EV: 20    Int: 24    God:    Vehumet [******]
Gold:   0          SH:  0    Dex: 18    Spells: 2/38 levels left

rFire    . . .     SeeInvis .   t - +2 rapier (venom)
rCold    . . .     Faith    .   (no shield)
rNeg     . . .     Spirit   .   a - +0 robe
rPois    .         Reflect  .   (no helmet)
rElec    .         Harm     .   (no cloak)
rCorr    .         Rampage  .   r - +0 pair of gloves
Will     +....     NoTele   +   s - +0 pair of boots
Stlth    +++++.....             (no amulet)
HPRegen  0.19/turn              o - +3 ring of strength
MPRegen  0.22/turn              n - +3 ring of dexterity

@: no status effects
A: no striking features
a: Renounce Religion


You were in the Dungeon.
You worshipped Vehumet.
Vehumet was exalted by your worship.
You visited 1 branch

Inventory:

Hand Weapons
 t - a +2 rapier of venom (weapon)
Armour
 a - a +0 robe (worn)
 r - a +0 pair of gloves (worn)
 s - a +0 pair of boots (worn)
Jewellery
 n - a +3 ring of dexterity (right hand)
 o - a +3 ring of strength (left hand)
Scrolls
 j - 3 scrolls of remove curse
 k - 5 scrolls of amnesia
Potions
 c - 7 potions of curing
 d - 6 potions of heal wounds
 e - a potion of haste
 f - a potion of magic
 g - 3 potions of berserk rage
 i - 2 potions of invisibility
 p - a potion of resistance
 q - 3 potions of might


   Skills:
 + Level 4.4 Fighting
 + Level 10.2 Dodging
 + Level 11.1 Stealth
 * Level 14.7 Spellcasting
 * Level 10.2 Conjurations
 + Level 4.2 Fire Magic
 + Level 11.3 Air Magic
 + Level 4.2 Earth Magic
 - Level 3.0 Poison Magic


You had 2 spell levels left.
You knew the following spells:

 Your Spells              Type           Power        Failure   Level
a - Shock                 Conj/Air       100%         1%          1
b - Swiftness             Air            64%          1%          2
c - Static Discharge      Conj/Air       62%          1%          3
d - Airstrike             Air            32%          1%          4
e - Lightning Bolt        Conj/Air       31%          1%          5
f - Olgreb's Toxic Radia  Pois           32%          2%          4
g - Bolt of Magma         Conj/Fire/Erth 23%          1%          5
h - Freezing Cloud        Conj/Ice/Air   25%          7%          6
i - Iron Shot             Conj/Erth      25%          7%          6

Your spell library contained the following spells:

 Spells                   Type           Power        Failure   Level


Dungeon Overview and Level Annotations

Branches:
Dungeon (1/1)

Altars:
Ashenzari
Cheibriados
Dithmenos
Elyvilon
Fedhas
Gozag
Hepliaklqana
Kikubaaqudgha
Makhleb
Nemelex Xobeh
Okawaru
Qazlal
Ru
Sif Muna
Trog
Uskayaw
Vehumet
Wu Jian
Xom
Yredelemnul
Zin
The Shining One
Beogh
Jiyva
Lugonu


Message History

* * * LOW HITPOINT WARNING * * *
The demonic crawler hits you but does no damage.
The demonic crawler closely misses you. x2
You take 2 damage, and have 7/52 hp.
As you read the scroll of summoning, it crumbles to dust.
Wisps of shadow whirl around you... The demonic crawler misses you.
The demonic crawler hits you.
* * * LOW HITPOINT WARNING * * *
The demonic crawler closely misses you.
You take 2 damage, and have 5/52 hp.
Your small abomination hits the demonic crawler.
The demonic crawler dies!
Vehumet accepts your kill.
You have reached level 10!
The demonic crawler misses you.
The demonic crawler barely misses you. x2
Your small abomination hits the demonic crawler!
The demonic crawler hits you.
* * * LOW HITPOINT WARNING * * *
The demonic crawler hits you!
You die...

######## ______.# ______.#
____...###########++######
######'##.......@.x......#
.')))'.##......#.s#x.....#
######.##................+
.(..(...'....)...........+
###'#####......#.h#......#
.#..#..##................#
.').)..#####'#####''######
)####'###.......##''#####
...÷)..##.......##.†)...#
.


You could see a demonic crawler, a wolf and 2 friendly small abominations.

Vanquished Creatures
  A flayed ghost (D)
  An unseen horror (D)
  2 deep elf magi (D)
  A rime drake (D)
  A hellwing (D)
  A redback (D)
  2 vampire mosquitoes (D)
  2 phantoms (D)
  4 wolves (D)
  A bullfrog (D)
  A gnoll sergeant (D)
  A hound (D)
  3 jellies (D)
  A worker ant (D)
  8 gnolls (D)
  2 oozes (D)
  An adder skeleton (D)
  A ball python (D)
  4 kobolds (D)
  2 rats (D)
40 creatures vanquished.

Vanquished Creatures (collateral kills)
  A demonic crawler (D)
1 creature vanquished.

Grand Total: 41 creatures vanquished

Notes
Turn   | Place    | Note
-------+----------+-------------------------------------------
     0 | D        | tatocazan the Deep Elf Air Elementalist began the quest for
                  | the Orb.
     0 | D        | Reached XP level 1. HP: 10/10 MP: 6/6
    21 | D        | Reached XP level 2. HP: 15/15 MP: 0/8
    95 | D        | Found a bloodstained altar of Trog.
    95 | D        | Found a shimmering blue altar of Sif Muna.
    95 | D        | Found a viscous altar of Jiyva.
    95 | D        | Found a hazy altar of Hepliaklqana.
    95 | D        | Found an opulent altar of Gozag.
    96 | D        | Found a glowing golden altar of the Shining One.
    96 | D        | Found a glowing silver altar of Zin.
    96 | D        | Found a basalt altar of Yredelemnul.
    96 | D        | Found a shimmering altar of Xom.
    96 | D        | Found an ornate altar of the Wu Jian Council.
    96 | D        | Found a sacrificial altar of Ru.
    96 | D        | Found a stormy altar of Qazlal.
    96 | D        | Found an iron altar of Okawaru.
    96 | D        | Found a sparkling altar of Nemelex Xobeh.
    96 | D        | Found a burning altar of Makhleb.
    96 | D        | Found a blossoming altar of Fedhas.
    96 | D        | Found a white marble altar of Elyvilon.
    96 | D        | Found a shadowy altar of Dithmenos.
    96 | D        | Found a snail-covered altar of Cheibriados.
    98 | D        | Found a radiant altar of Vehumet.
    98 | D        | Found a corrupted altar of Lugonu.
    98 | D        | Found a roughly hewn altar of Beogh.
    99 | D        | Found a hide-covered altar of Uskayaw.
    99 | D        | Found an ancient bone altar of Kikubaaqudgha.
    99 | D        | Found a broken altar of Ashenzari.
   106 | D        | Became a worshipper of Vehumet
   147 | D        | Learned a level 2 spell: Swiftness
   154 | D        | Reached skill level 4 in Spellcasting
   157 | D        | Reached * piety under Vehumet
   157 | D        | Offered knowledge of Sandblast by Vehumet.
   158 | D        | Reached XP level 3. HP: 6/19 MP: 0/11
   247 | D        | Learned a level 3 spell: Static Discharge
   385 | D        | Noticed a deep elf mage
   390 | D        | Reached ** piety under Vehumet
   390 | D        | Offered knowledge of Magic Dart by Vehumet.
   394 | D        | Killed a deep elf mage
   395 | D        | Reached skill level 10 in Spellcasting
   395 | D        | Reached XP level 4. HP: 16/24 MP: 12/18
   395 | D        | Reached XP level 5. HP: 19/28 MP: 12/19
   395 | D        | Reached XP level 6. HP: 22/32 MP: 13/21
   653 | D        | Offered knowledge of Searing Ray by Vehumet.
   654 | D        | Reached *** piety under Vehumet
   659 | D        | Reached XP level 7. HP: 36/36 MP: 18/23
   665 | D        | Reached **** piety under Vehumet
   669 | D        | Reached skill level 11 in Spellcasting
   818 | D        | Reached ***** piety under Vehumet
   818 | D        | Offered knowledge of Dazzling Flash by Vehumet.
   824 | D        | Learned a level 4 spell: Airstrike
   830 | D        | Learned a level 5 spell: Lightning Bolt
   904 | D        | Reached skill level 1 in Fighting
  1032 | D        | Noticed a rime drake
  1034 | D        | Killed a rime drake
  1034 | D        | Offered knowledge of Olgreb's Toxic Radiance by Vehumet.
  1035 | D        | Reached skill level 12 in Spellcasting
  1035 | D        | Reached skill level 10 in Air Magic
  1035 | D        | Reached XP level 8. HP: 44/44 MP: 20/26
  1040 | D        | Learned a level 4 spell: Olgreb's Toxic Radiance
  1042 | D        | Noticed a deep elf mage
  1044 | D        | Offered knowledge of Bolt of Magma by Vehumet.
  1045 | D        | Reached skill level 1 in Poison Magic
  1047 | D        | Killed a deep elf mage
  1048 | D        | Reached skill level 13 in Spellcasting
  1149 | D        | Learned a level 5 spell: Bolt of Magma
  1164 | D        | Reached skill level 10 in Stealth
  1400 | D        | Offered knowledge of Freezing Cloud by Vehumet.
  1401 | D        | Reached skill level 1 in Fire Magic
  1401 | D        | Reached skill level 1 in Earth Magic
  1401 | D        | Reached XP level 9. HP: 50/50 MP: 21/28
  1465 | D        | Learned a level 6 spell: Freezing Cloud
  1474 | D        | Noticed a demonic crawler
  1476 | D        | Noticed a flayed ghost
  1478 | D        | Noticed a hellwing
  1479 | D        | Killed a flayed ghost
  1480 | D        | Reached skill level 14 in Spellcasting
  1491 | D        | Killed a hellwing
  1492 | D        | Killed an unseen horror
  1492 | D        | Offered knowledge of Iron Shot by Vehumet.
  1493 | D        | Reached skill level 10 in Dodging
  1493 | D        | Reached skill level 10 in Conjurations
  1500 | D        | Learned a level 6 spell: Iron Shot
  1548 | D        | Reached ****** piety under Vehumet
  1570 | D        | Noticed a demonic crawler
  1575 | D        | Killed a demonic crawler
  1576 | D        | Reached XP level 10. HP: 5/58 MP: 1/30
  1577 | D        | HP: 1/58 [demonic crawler (5)]
  1577 | D        | Mangled by a demonic crawler

Illustrated notes

Levels and vault maps discovered:
D:        pitsprint [storerooms_1, entrance_room_1, metal_vault_6, armoury_3,
          mini_pit_1, grid_room_1, main_hall_1, silver_pit, the_coven_1,
          the_vestibule_1, steel_vault_2, golden_pit, hallway_of_sentries,
          crystal_vault_3, iron_vault_1, final_vault]

Skill      XL: |  1  2  3  4  5  6  7  8  9 |
---------------+----------------------------+-----
Dodging        | 3 7 8 9 10 | 10.2
Stealth        | 3 4 7 9 10 11 | 11.1
Conjurations   | 2 6 7 8 10 | 10.2
Spellcasting   | 4 10 12 13 14 | 14.7
Air Magic      | 4 8 10 11 | 11.3
Fighting       | 1 3 4 |  4.4
Poison Magic   | 3 |  3.0
Fire Magic     | 1 4 |  4.2
Earth Magic    | 1 4 |  4.2

Action                   |  1- 3 |  4- 6 |  7- 9 | 10-12 || total
-------------------------+-------+-------+-------+-------++-------
Melee: Dagger            |       |       |     5 |       ||     5
       Rapier            |       |       |     1 |       ||     1
 Cast: Shock             |    15 |    13 |    38 |       ||    66
       Static Discharge  |     7 |       |    13 |       ||    20
       Airstrike         |       |       |    22 |       ||    22
       Lightning Bolt    |       |       |     4 |       ||     4
       Freezing Cloud    |       |       |     2 |       ||     2
  Use: Potion            |     2 |       |     6 |       ||     8
       Scroll            |       |       |     2 |       ||     2
Armor: Robe              |       |       |     6 |       ||     6
Dodge: Dodged            |     7 |     1 |    44 |     3 ||    55

Table legend: (Time is in decaauts)
 A = Elapsed time spent in this place.
 B = Non-inter-level travel time spent in this place.
 C = Inter-level travel time spent in this place.
 D = Time resting spent in this place.
 E = Time spent auto-exploring this place.
 F = Levels seen in this place.
 G = Mean time per level.
                   A        B        C        D        E       F      G
               +--------+--------+--------+--------+--------+-----+--------+
         Total |   1574 |   1534 |     40 |   1074 |      9 |   1 | 1574.0 |
       Dungeon |   1574 |   1534 |     40 |   1074 |      9 |   1 | 1574.0 |
               +--------+--------+--------+--------+--------+-----+--------+

Top non-repeatable levels by time:
       D: 1574 daAuts
